 Dungeon Crawl Stone Soup version 0.27-a0-65-gfb268537a3 (webtiles) character file.

Game seed: 16819656313239822770

696 lessens the Cudgeller (level 7, -2/66 HPs)
             Began as an Ogre Wanderer on Jan 8, 2021.
             Was a Follower of Okawaru.
             Slain by a bullfrog (5 damage)
             ... on level 6 of the Dungeon.
             The game lasted 00:08:40 (7754 turns).

lessens the Cudgeller (Ogre Wanderer)               Turns: 7754, Time: 00:08:41

Health: -2/66      AC:  4    Str: 17    XL:     7   Next: 64%
Magic:  7/7        EV:  9    Int: 14    God:    Okawaru [*.....]
Gold:   290        SH:  0    Dex:  9    Spells: 6/6 levels left

rFire    . . .     SeeInvis .   u - +0 morningstar
rCold    . . .     Faith    .   (no shield)
rNeg     . . .     Spirit   .   d - +0 robe
rPois    .         Reflect  .   (helmet restricted)
rElec    .         Harm     .   r - +0 cloak
rCorr    .         Rampage  .   (gloves unavailable)
Will     .....                  (boots unavailable)
Stlth    +.........             (no amulet)
HPRegen  0.21/turn              (no ring)
MPRegen  0.10/turn              (no ring)

@: brilliant, flying
A: large, unfitting armour, tough skin 1
a: Renounce Religion, Heroism


You were on level 6 of the Dungeon.
You worshipped Okawaru.
Okawaru was aware of your devotion.
You visited 1 branch of the dungeon, and saw 6 of its levels.

You collected 290 gold pieces.

Inventory:

Hand Weapons
 a - a +2 short sword
 e - a +0 dagger
 g - a +0 mace
 u - a +0 morningstar (weapon)
Missiles
 h - 113 stones (quivered)
 i - 4 boomerangs
Armour
 d - a +0 robe (worn)
 r - a +0 cloak (worn)
Jewellery
 A - an uncursed ring of flight {unknown}
Scrolls
 c - 4 scrolls of teleportation
 j - a scroll of enchant armour {unknown}
 n - 7 scrolls of identify {unknown}
 o - 2 scrolls of amnesia {unknown}
 q - 2 scrolls of immolation {unknown}
 s - a scroll of blinking {unknown}
 w - a scroll of remove curse {unknown}
 y - 2 scrolls of fear {unknown}
 C - a scroll of acquirement {unknown}
Potions
 b - 2 potions of lignification
 f - a potion of cancellation {unknown}
 k - a potion of flight
 l - 3 potions of curing
 m - 2 potions of brilliance
 p - a potion of heal wounds {unknown}
 t - 2 potions of attraction {unknown}
 v - 2 potions of berserk rage {unknown}
 x - a potion of might {unknown}
 z - a potion of resistance {unknown}
 B - a potion of magic {unknown}


   Skills:
 - Level 2.6 Fighting
 - Level 1.7 Short Blades
 + Level 7.3(7.4) Maces & Flails
 - Level 1.0(5.1) Staves
 - Level 1.0 Dodging
 - Level 1.4 Stealth
 - Level 1.0 Shields
 - Level 1.0 Evocations


You had 6 spell levels left.
You didn't know any spells.
Your spell library was empty.

Dungeon Overview and Level Annotations

Branches:
Dungeon (6/15)
 Temple: D:4-7

Altars:
Okawaru
Yredelemnul

Annotations:
D:2 Sigmund
D:4 Dowan, Duvessa
D:5 3 runed translucent doors, Hiru's ghost, amateur OpTm


Innate Abilities, Weirdness & Mutations

You are too large for most types of armour.
You have tough skin. (AC +1)


Message History

The bullfrog closely misses you.
You barely miss the bullfrog.
The bullfrog is heavily wounded.
The bullfrog completely misses you. The bullfrog hits you.
* * * LOW HITPOINT WARNING * * *
You hit the bullfrog.
The bullfrog is severely wounded.
The bullfrog hits you.
* * * LOW HITPOINT WARNING * * *
The bullfrog hits you!
* * * LOW HITPOINT WARNING * * *
It was a potion of brilliance.
You feel clever all of a sudden. The bullfrog barely misses you.
You feel better. The bullfrog misses you. The bullfrog hits you!
* * * LOW HITPOINT WARNING * * *
It was a potion of flight.
You feel very buoyant.
You fly up into the air.
The bullfrog hits you.
You die...

...{...####.##(#.#
.....>.# #.##.#.#
......## #.##.#.#
##....# #.##.#.##
# o#.##.#
#.##....##(### '#.
#.#
#....รท........ .o
#.# #.)..Wg.# ..#
#.# #.##.#F## .#
#.# # #@# # .o #.#
... #####


You could see a phantom, a bullfrog and a gnoll.

Vanquished Creatures
  3 scorpions
  3 wights (D:6)
  A hound (D:6)
  2 jellies (D:5)
  2 bullfrog skeletons
  An iguana (D:5)
  2 worker ants (D:5)
  A hound skeleton (D:5)
  5 adders
  A shadow imp (D:6)
  An ufetubus (D:5)
  2 oozes
  An adder skeleton (D:4)
  2 worms (D:2)
  2 dart slugs (D:4)
  3 leopard geckos
  11 orcs
  10 goblins
  8 hobgoblins
  16 jackals
  16 kobolds
  2 quokkas
  A ball python (D:2)
  6 bats
  5 frilled lizards
  A quokka skeleton (D:6)
  A quokka zombie (D:5)
  8 rats
  A spectral orc (D:3)
118 creatures vanquished.

Notes
Turn   | Place    | Note
-------+----------+-------------------------------------------
     0 | D:1      | lessens the Ogre Wanderer began the quest for the Orb.
     0 | D:1      | lessens set off with the following items: a +2 short sword,
                  | a potion of lignification, a scroll of teleportation, a +0
                  | robe, a +0 dagger
     0 | D:1      | Reached XP level 1. HP: 22/22 MP: 1/1
   262 | D:1      | Reached skill level 1 in Maces & Flails
   297 | D:1      | Reached XP level 2. HP: 12/29 MP: 2/2
   788 | D:1      | Reached skill level 2 in Maces & Flails
   986 | D:1      | Reached XP level 3. HP: 36/36 MP: 3/3
  2012 | D:2      | Noticed Sigmund
  2083 | D:2      | Reached skill level 3 in Maces & Flails
  2654 | D:2      | Reached XP level 4. HP: 36/44 MP: 4/4
  4419 | D:3      | Found a basalt altar of Yredelemnul.
  4442 | D:3      | Found an iron altar of Okawaru.
  4450 | D:3      | Became a worshipper of Warmaster Okawaru
  4535 | D:4      | Reached skill level 4 in Maces & Flails
  4544 | D:4      | Reached XP level 5. HP: 42/50 MP: 5/5
  5108 | D:4      | Noticed Duvessa
  5161 | D:4      | Noticed Dowan
  5210 | D:4      | Reached skill level 5 in Maces & Flails
  5327 | D:5      | Entered Level 5 of the Dungeon
  5347 | D:5      | Reached XP level 6. HP: 15/59 MP: 6/6
  5637 | D:5      | Found a runed translucent gate.
  5638 | D:5      | Found a runed translucent gate.
  5638 | D:5      | Noticed Hiru's ghost (amateur OpTm)
  5639 | D:5      | Found a runed translucent gate.
  6196 | D:5      | Reached skill level 6 in Maces & Flails
  6682 | D:6      | Reached XP level 7. HP: 37/66 MP: 7/7
  7093 | D:6      | Reached skill level 7 in Maces & Flails
  7179 | D:6      | Reached * piety under Okawaru
  7314 | D:6      | Noticed a two-headed ogre
  7751 | D:6      | HP: 3/66 [bullfrog (7)]
  7754 | D:6      | Slain by a bullfrog

Illustrated notes

Levels and vault maps discovered:
D:1:      matt_arrival_los_fun, layout_basic
D:2:      layout_basic, uniq_crazy_yiuf_cottage, uniq_sigmund
D:3:      layout_rooms, okawaru_metal_pillars_3,
          yredelemnul_forgotten_temple_becter
D:4:      layout_rooms, uniq_duvessa
D:5:      layout_rooms, gammafunk_ghost_split
D:6:      layout_loops_ring, serial_shops, shop_coins, grunt_ministairs_6,
          minmay_a_box_with_orc_wizards_in_it

Skill      XL: |  1  2  3  4  5  6  7 |
---------------+----------------------+-----
Maces & Flails | 1 2 3 4 5 6 7 |  7.3
Fighting       | |  2.6
Short Blades   | |  1.7
Staves         | |  1.0
Dodging        | |  1.0
Stealth        | |  1.4
Shields        | |  1.0
Evocations     | |  1.0

Action                   |  1- 3 |  4- 6 |  7- 9 || total
-------------------------+-------+-------+-------++-------
Melee: Mace              |   152 |   104 |       ||   256
       Morningstar       |       |   171 |    85 ||   256
       Unarmed           |       |     6 |       ||     6
  Use: Potion            |       |     2 |     3 ||     5
 Stab: Sleeping          |     1 |     4 |       ||     5
Armor: Robe              |    44 |   102 |    56 ||   202
       Skin              |       |     8 |       ||     8
Dodge: Dodged            |    77 |   177 |    74 ||   328

Table legend: (Time is in decaauts)
 A = Elapsed time spent in this place.
 B = Non-inter-level travel time spent in this place.
 C = Inter-level travel time spent in this place.
 D = Time resting spent in this place.
 E = Time spent auto-exploring this place.
 F = Levels seen in this place.
 G = Mean time per level.
                   A        B        C        D        E       F      G
               +--------+--------+--------+--------+--------+-----+--------+
         Total |   7877 |   7603 |    274 |   3060 |   3038 |   6 | 1312.8 |
       Dungeon |   7877 |   7603 |    274 |   3060 |   3038 |   6 | 1312.8 |
               +--------+--------+--------+--------+--------+-----+--------+

Top non-repeatable levels by time:
     D:1: 2001 daAuts
     D:5: 1772 daAuts
     D:2: 1448 daAuts
     D:3: 1254 daAuts
     D:4: 715 daAuts
     D:6: 685 daAuts
